 Dungeon Crawl Stone Soup version 0.29-a0-284-gf9362112df (webtiles) character file.

Game seed: 9463434664458612537

3689 olourkin the Reanimator (level 9, -3/57 HPs)
             Began as a Demonspawn Necromancer on Mar 31, 2022.
             Slain by a swamp worm (15 damage)
             ... on level 8 of the Dungeon.
             The game lasted 01:41:56 (13696 turns).

olourkin the Reanimator (Demonspawn Necromancer)   Turns: 13696, Time: 01:41:57

Health: -3/57      AC: 10    Str: 11    XL:     9   Next: 90%
Magic:  0/12       EV: 15    Int: 24    God:
Gold:   378        SH:  0    Dex: 14    Spells: 4/12 levels left

rFire   . . .      SeeInvis .   F - +5 spear
rCold   . . .      Faith    +   (no shield)
rNeg    . . .      Spirit   +   y - +0 troll leather armour
rPois   .          Reflect  .   D - +0 helmet
rElec   .          Harm     .   g - +0 cloak
rCorr   .          Rampage  .   r - +0 pair of gloves
Will    .....                   I - +0 pair of boots
Stlth   ++++......              A - amulet of faith {!P}
HPRegen 0.99/turn               s - ring of Deicewk {EV+4 Str+3 Int+3}
MPRegen 0.26/turn               (no ring)

@: about to teleport
A: hooves 1, molten scales 1, demonic guardian 1, magic shield, magic
regeneration
a: no special abilities


You were on level 8 of the Dungeon.
You visited 2 branches of the dungeon, and saw 11 of its levels.

You collected 455 gold pieces.
You spent 77 gold pieces at shops.

Inventory:

Hand Weapons
 z - a +0 whip of flaming
 C - a +1 whip of distortion
 F - a +5 spear (weapon)
 K - a +1 vorpal long sword
 P - a +1 dagger of venom
Missiles
 b - 193 stones
 m - 11 boomerangs
 o - 3 poisoned darts
 R - 3 boomerangs of dispersal
Armour
 g - a +0 cloak (worn)
 r - a +0 pair of gloves (worn)
 y - a +0 troll leather armour (worn)
 B - a +1 robe of fire resistance
 D - a +0 helmet (worn)
 I - a +0 pair of boots (worn)
Jewellery
 s - the ring of Deicewk (left hand) {EV+4 Str+3 Int+3}
   (You found it on level 3 of the Dungeon)

   [ring of evasion]

   EV:        It affects your evasion (+4).
   Str:       It affects your strength (+3).
   Int:       It affects your intelligence (+3).
 A - an amulet of faith (around neck) {!P}
Wands
 n - a wand of paralysis (5)
 p - a wand of flame (13)
 t - a wand of mindburst (15)
 L - a wand of iceblast (14)
Scrolls
 a - a scroll of acquirement {unknown}
 c - a scroll of amnesia
 f - a scroll of blinking {unknown}
 h - 4 scrolls of magic mapping
 i - 3 scrolls of teleportation
 j - 2 scrolls of holy word {unknown}
 k - 3 scrolls of fear {unknown}
 l - a scroll of immolation {unknown}
 u - 5 scrolls of fog {unknown}
 v - 2 scrolls of enchant weapon {unknown}
 w - 3 scrolls of enchant armour
Potions
 d - a potion of brilliance {unknown}
 q - 2 potions of resistance
 x - a potion of magic
 E - a potion of berserk rage {unknown}
 G - 2 potions of degeneration {unknown}
 H - a potion of flight {unknown}
 J - 2 potions of curing {unknown}
 M - a potion of attraction {unknown}
 N - a potion of mutation {unknown}
 O - a potion of cancellation {unknown}
 Q - 3 potions of haste


   Skills:
 + Level 1.0 Long Blades
 - Level 1.7 Dodging
 + Level 8.2 Stealth
 - Level 2.0 Spellcasting
 + Level 5.8 Hexes
 * Level 11.8 Necromancy


You had 4 spell levels left.
You knew the following spells:

 Your Spells              Type           Power      Damage    Failure   Level
a - Pain                  Necr           100%       1d9       1%          1
u - Passwall              Tmut/Erth      1%         N/A       24%         2
x - Vampiric Draining     Necr           56%        2d10      1%          3
y - Slow                  Hex            100%       N/A       1%          1
Z - Animate Skeleton      Necr           100%       N/A       1%          1

Your spell library contained the following spells:

 Spells                   Type           Power      Damage    Failure   Level
 Sublimation of Blood     Necr           56%        N/A       1%          2
 Animate Dead             Necr           28%        N/A       1%          4
 Confusing Touch          Hex            30%        N/A       4%          3
 Sandblast                Erth           4%         2d4       16%         1
 Stone Arrow              Conj/Erth      4%         3d7       43%         3
 Hailstorm                Conj/Ice       2%         3d3       83%         4
 Ice Form                 Ice/Tmut       2%         N/A       83%         4
 Petrify                  Tmut/Erth      2%         N/A       83%         4
 Agony                    Necr           56%        N/A       3%          5
 Simulacrum               Ice/Necr       15%        N/A       91%         6
 Irradiate                Conj/Tmut      1%         3d14      99%         5


Dungeon Overview and Level Annotations

Branches:
Dungeon (10/15)            Temple (1/1) D:4
   Lair: D:8-11         Orc: D:9-12

Altars:
Cheibriados
Dithmenos
Fedhas
Gozag
Kikubaaqudgha
Nemelex Xobeh
Qazlal
Ru
Sif Muna
Trog
Uskayaw
Vehumet
Wu Jian
Xom
Yredelemnul
Zin
The Shining One

Shops:
D:2 *   D:3 :   D:4 =(?*

Annotations:
D:5 Dowan, Duvessa
D:7 1 runed translucent door
D:8 Joseph


Innate Abilities, Weirdness & Mutations

You have large cloven feet.
You are partially covered in molten scales. (AC +2)
A weak demonic guardian rushes to your aid.
When hurt, damage is shared between your health and your magic reserves.
You regenerate magic rapidly.


Message History

You open the door.
There is an open door here.
You open the door.
There are monsters nearby!
The swamp worm fires a harpoon shot at you.
The harpoon shot hits you!
You are yanked forward by the harpoon shot.
The swamp worm attacks as you move away!
The swamp worm closely misses you.
The swamp worm fires a harpoon shot at you.
The harpoon shot hits you.
You are yanked forward by the harpoon shot.
The swamp worm bites you but does no damage.
The swamp worm bites you!!
There is an open door, spattered with blood here.
As you read the scroll of teleportation, it crumbles to dust.
You feel strangely unstable. The swamp worm bites you!
* * * LOW HITPOINT WARNING * * *
The swamp worm bites you!!
* * * LOW HITPOINT WARNING * * *
A demonic guardian appears!
You feel much better. The swamp worm misses you. The swamp worm bites you.
* * * LOW HITPOINT WARNING * * *
Your shadow imp completely misses the swamp worm.
Okay, then.
Casting: Slow (safe; 1% risk of failure)
Confirm with . or Enter, or press ? or * to list all spells.
Okay, then.
Casting: Slow (safe; 1% risk of failure)
Confirm with . or Enter, or press ? or * to list all spells.
Aiming: Passwall (dangerous; 24% risk of failure)
Press: ? - help, Dir - move target, p - swamp worm A rock wall.
The swamp worm misses you. The swamp worm closely misses you.
Your shadow imp misses the swamp worm.
You begin to meditate on the wall.
You continue meditating on the rock.
The swamp worm bites you!
* * * LOW HITPOINT WARNING * * *
The swamp worm bites you!
You die...

# .≈≈≈≈≈..#...........#.....#
≈≈≈≈≈≈≈)'...........#.....#
≈≈###≈≈.#...........#.)...# ≈
##≈)######..##..#.....##
#≈≈[..###..########'#..
##≈≈..#....#.[......#..
#≈≈..#5...#........#..
##≈≈..#w...#........#..
#≈≈≈.w@....#........#..
#≈≈..###...###.^..###..
≈≈≈≈≈##+###...####'####### ≈≈≈≈≈
#................ ≈≈≈≈.
#................ ....
#................ #... #...#
##....###...##..)
##...##...########'########'##...
..........#......................


You could see 2 swamp worms and a friendly shadow imp (summoned).

Vanquished Creatures
  A troll (D:10)
  Grinder (D:5)
  A wyvern (D:10)
  A yak (D:10)
  A wraith (D:6)
  2 steam dragons (D:8)
  Menkaure (D:6)
  2 water moccasins
  2 ice beasts
  A sky beast (D:7)
  2 ogres (D:4)
  A centaur (D:3)
  A kobold brigand (D:10)
  Blork the orc (D:5)
  4 bullfrogs
  5 scorpions
  4 wights (D:8)
  5 killer bees
  3 hounds (D:6)
  4 orc priests
  A gnoll shaman (D:6)
  2 jellies (D:7)
  3 iguanas
  An orc wizard (D:6)
  3 adders
  2 shadow imps
  2 white imps (D:6)
  3 ufetubi
  3 worms
  4 dart slugs
  17 orcs
  5 bats (D:1)
  6 endoplasms
  5 giant cockroaches
  7 goblins
  8 hobgoblins
  6 jackals
  7 quokkas
  6 ball pythons
  4 frilled lizards
  13 kobolds
  6 rats
157 creatures vanquished.

Vanquished Creatures (collateral kills)
  Terence (D:2)
  An ufetubus (D:5)
  An endoplasm (D:2)
3 creatures vanquished.

Vanquished Creatures (others)
  4 plants (D:8)
4 creatures vanquished.

Grand Total: 164 creatures vanquished

Notes
Turn   | Place    | Note
-------+----------+-------------------------------------------
     0 | D:1      | olourkin the Demonspawn Necromancer began the quest for the
                  | Orb.
     0 | D:1      | Reached XP level 1. HP: 13/13 MP: 3/3
     2 | D:1      | Learned a level 1 spell: Animate Skeleton
    87 | D:1      | Found a faded altar of an unknown god.
   431 | D:1      | Gained mutation: You are partially covered in molten
                  | scales. (AC +2) [demonic ancestry]
   431 | D:1      | Reached XP level 2. HP: 14/19 MP: 0/5
   451 | D:1      | Reached skill level 5 in Necromancy
  1378 | D:1      | Gained mutation: A weak demonic guardian rushes to your
                  | aid. [demonic ancestry]
  1378 | D:1      | Reached XP level 3. HP: 22/24 MP: 6/6
  2001 | D:2      | Found Beodghi's Assorted Antiques.
  2101 | D:2      | Noticed Terence
  2211 | D:2      | Killed Terence
  2212 | D:2      | Reached skill level 6 in Necromancy
  2212 | D:2      | Reached XP level 4. HP: 2/30 MP: 1/7
  2703 | D:2      | Learned a level 3 spell: Vampiric Draining
  2967 | D:3      | Found Oduivvu's Book Shoppe.
  3164 | D:3      | Noticed a centaur
  3187 | D:3      | Killed a centaur
  3188 | D:3      | Reached skill level 7 in Necromancy
  3188 | D:3      | Gained mutation: You regenerate magic rapidly. [demonic
                  | ancestry]
  3188 | D:3      | Reached XP level 5. HP: 6/35 MP: 2/8
  3554 | D:3      | Learned a level 1 spell: Slow
  3783 | D:3      | Reached skill level 1 in Hexes
  3892 | D:3      | Found a sacrificial altar of Ru.
  3998 | D:3      | Reached XP level 6. HP: 41/41 MP: 9/9
  4104 | D:3      | Found a bloodstained altar of Trog.
  4117 | D:3      | Identified the ring of Deicewk {EV+4 Str+3 Int+3}
  4123 | D:3      | Learned a level 2 spell: Passwall
  4495 | D:3      | Found a hide-covered altar of Uskayaw.
  4592 | D:4      | Found a staircase to the Ecumenical Temple.
  4600 | Temple   | Entered the Ecumenical Temple
  4846 | D:4      | Found Qeuleinn's Magic Scroll Boutique.
  4887 | D:4      | Bought 2 scrolls of magic mapping for 77 gold pieces
  4973 | D:4      | Found Kiothrakk's Antique Weapon Shop.
  5332 | D:4      | Found a stormy altar of Qazlal.
  5482 | D:4      | Found Zijisos's General Store.
  5972 | D:4      | Reached skill level 8 in Necromancy
  6102 | D:4      | Gained mutation: When hurt, damage is shared between your
                  | health and your magic reserves. [demonic ancestry]
  6102 | D:4      | Reached XP level 7. HP: 44/46 MP: 6/10
  6149 | D:4      | Found an opulent altar of Gozag.
  6250 | D:4      | Found Mucodough's Jewellery Boutique.
  6737 | D:5      | Entered Level 5 of the Dungeon
  6765 | D:5      | Noticed Grinder
  6895 | D:5      | Noticed Blork the orc
  7010 | D:5      | Killed Blork the orc
  7270 | D:5      | Noticed Duvessa
  7271 | D:5      | Noticed Dowan
  8503 | D:5      | Killed Grinder
  8504 | D:5      | Reached skill level 9 in Necromancy
  8504 | D:5      | Reached XP level 8. HP: 41/52 MP: 11/11
  8715 | D:5      | Reached skill level 5 in Stealth
  8917 | D:6      | Noticed Menkaure
  8963 | D:6      | Killed Menkaure
  9418 | D:6      | Reached skill level 10 in Necromancy
 10508 | D:6      | Gained mutation: You have large cloven feet. [demonic
                  | ancestry]
 10508 | D:6      | Reached XP level 9. HP: 57/57 MP: 5/12
 10814 | D:7      | You fall into a shaft and drop 3 floors!
 10814 | D:10     | Entered Level 10 of the Dungeon
 11399 | D:10     | Found a blossoming altar of Fedhas.
 11793 | D:10     | Noticed a troll
 11804 | D:10     | Reached skill level 5 in Hexes
 11994 | D:10     | Killed a troll
 11995 | D:10     | Reached skill level 11 in Necromancy
 12458 | D:8      | Found a snail-covered altar of Cheibriados.
 12791 | D:8      | Noticed Joseph
 12877 | D:7      | Found a runed translucent door.
 12879 | D:7      | Noticed a sixfirhy
 13631 | D:8      | Reached skill level 1 in Long Blades
 13693 | D:8      | HP: 2/57 [swamp worm (17)]
 13696 | D:8      | Slain by a swamp worm

Illustrated notes

Levels and vault maps discovered:
D:1:      saegor_arrival_simple_b, layout_basic,
          hellmonk_ecumenical_altar_crossroads, minmay_misc_feat_hallway
D:2:      layout_basic, serial_shops, nicolae_shop_stone, uniq_terence
D:3:      minmay_bubble_buster, layout_loops_corners,
          nicolae_ru_the_path_less_chosen, mainiacjoe_overflow_boulevard,
          nicolae_uskayaw_suspiria, serial_shops, shop, chequers_mini_garden
D:4:      layout_basic, nicolae_qazlal_scattered_showers, lemuel_tele_altar,
          minmay_temple_entry_grid, serial_shops, nicolae_shop_trees, shop,
          nicolae_shop_stone, nicolae_shop_window_shopping,
          kennysheep_generic_room_9
D:5:      layout_gridville, uniq_duvessa, uniq_blork_the_orc, uniq_grinder
D:6:      minmay_general_purpose_star, layout_basic,
          chequers_hall_statues_corner_a, uniq_menkaure
D:7:      cheibrodos_shockbox, layout_loops_ring
D:8:      layout_gridville, mainiacjoe_overflow_surrounded_room,
          overflow_temple_1_default, mainiacjoe_overflow_concentric_impassable,
          worms_lemuel, uniq_joseph
D:9:      layout_irregular_city, mainiacjoe_overflow_brackets,
          kennysheep_okawaru_gauntlet, mainiacjoe_overflow_six_doors_small,
          elyvilon_altar_3, minmay_misc_feat_rugged,
          eino_small_chamber_without_monster, uniq_maurice
D:10:     layout_stronghold, mainiacjoe_overflow_24_doors, serial_bayou_pond_e
Temple:   jpeg_temple_island

Skill      XL: |  1  2  3  4  5  6  7  8  9 |
---------------+----------------------------+-----
Necromancy     | 5 6 7 8 9 10 11 | 11.8
Stealth        | 2 3 4 6 8 |  8.2
Hexes          | 1 2 3 4 5 |  5.8
Long Blades    | 1 |  1.0
Dodging        | |  1.7
Spellcasting   | |  2.0

Action                   |  1- 3 |  4- 6 |  7- 9 || total
-------------------------+-------+-------+-------++-------
Melee: Unarmed           |    11 |       |       ||    11
       Short sword       |    16 |    11 |     1 ||    28
       Whip              |       |     2 |   144 ||   146
       Punch             |       |       |     3 ||     3
Throw: Stone             |       |     1 |     2 ||     3
 Cast: Pain              |    76 |    82 |   231 ||   389
       Animate Skeleton  |     2 |     3 |     9 ||    14
       Vampiric Draining |       |     1 |    11 ||    12
       Slow              |       |     5 |    36 ||    41
       Passwall          |       |       |     3 ||     3
Evoke: Wand              |       |     3 |    27 ||    30
  Use: Potion            |     1 |       |     2 ||     3
       Scroll            |       |     7 |     5 ||    12
 Stab: Sleeping          |     2 |     3 |     1 ||     6
       Paralysed         |       |     5 |       ||     5
Armor: Robe              |    19 |     7 |    62 ||    88
       Troll leather arm |       |       |    17 ||    17
Dodge: Dodged            |    33 |    13 |   210 ||   256

Table legend: (Time is in decaauts)
 A = Elapsed time spent in this place.
 B = Non-inter-level travel time spent in this place.
 C = Inter-level travel time spent in this place.
 D = Time resting spent in this place.
 E = Time spent auto-exploring this place.
 F = Levels seen in this place.
 G = Mean time per level.
                   A        B        C        D        E       F      G
               +--------+--------+--------+--------+--------+-----+--------+
         Total |  13775 |  13084 |    691 |   5023 |   4656 |  11 | 1252.3 |
       Dungeon |  13532 |  12850 |    682 |   5023 |   4438 |  10 | 1353.2 |
        Temple |    242 |    233 |      9 |      0 |    218 |   1 |  242.0 |
               +--------+--------+--------+--------+--------+-----+--------+

Top non-repeatable levels by time:
     D:4: 2464 daAuts
     D:6: 1924 daAuts
     D:1: 1800 daAuts
     D:3: 1743 daAuts
    D:10: 1501 daAuts
     D:5: 1476 daAuts
     D:2: 1153 daAuts
     D:7: 724 daAuts
     D:8: 723 daAuts
  Temple: 242 daAuts
     D:9: 21 daAuts
